Map: Bel'Shir Vestige LE (Void)

Players

TkTurbo

  • Race: Terran Terran
  • League: Platinum
  • Spawn Location: 11:00

Baman - Winner!

  • Race: Zerg Zerg
  • League: Platinum
  • Spawn Location: 5:00

VOD

Have the link to the VOD?

Description

5 min one hit quitter

Time

  • Played on: March 1, 2017, 4:01 p.m.
  • Length: 4:56
Show
View Real Time Build Order
Export as new Build Order

TkTurbo Terran 

Build Orders: Cyclone Opening 

Get SALT Encoding   

  12  0:00  SCV  
  13  0:13  SCV  
  14  0:17  Supply Depot  
  14  0:25  SCV  
  15  0:31  Refinery  
  15  0:41  SCV  
  16  0:45  Barracks  
  16  0:56  SCV  
  17  1:08  SCV  
  17  1:09  Refinery  
  18  1:20  SCV  
  19  1:32  Barracks, Orbital Command  
  19  1:48  Factory  
  19  1:59  SCV  
  19  2:01  Barracks Reactor  
  20  2:06  Supply Depot  
  20  2:11  SCV  
  21  2:22  Barracks Reactor  
  21  2:24  SCV  
  22  2:35  Starport  
  22  2:44  SCV  
  22  2:46  Barracks Tech Lab  
  23  2:52  Cyclone  
  23  2:55  Hellion  
  23  2:58  SCV  
  29  3:01  Supply Depot, Marine  
  29  3:03  Marine  
  31  3:33  Viking  
  31  3:34  Viking  
  35  3:37  Engineering Bay  
  35  3:38  SCV  
  36  4:08  Siege Tank  
  28  4:28  SCV  
  28  4:31  Marine x2  
  17  4:40  SCV  
Show
View Real Time Build Order
Export as new Build Order

Baman Zerg - Winner!

Build Orders: Pool Only 

Get SALT Encoding   

  12  0:01  Drone  
  13  0:08  Drone  
  14  0:31  Spawning Pool  
  14  0:34  Drone  
  14  0:35  Extractor  
  13  0:36  Drone  
  13  0:39  Extractor  
  13  0:53  Drone  
  13  0:56  Overlord  
  14  1:19  Queen  
  14  1:21  Zergling x6  
  19  1:34  Metabolic Boost  
  19  1:38  Drone  
  20  1:53  Zergling x2  
  21  2:07  Overlord  
  21  2:08  Zergling x2  
  22  2:11  Lair  
  22  2:43  Zergling x2  
  22  2:44  Zergling x8  
  27  3:05  Zergling x6  
  30  3:06  Overlord  
  30  3:13  Nydus Network  
  28  3:38  Queen  
  28  3:40  Zergling x8  
  34  3:52  Nydus Canal  
  34  4:02  Overseer  
  31  4:36  Zergling x8  
  31  4:37  Zergling x4  
Tags
 
Add a new tag
Caveats
  • Supply blocks, unpowered buildings, or Contaminate may cause inaccurate times.
  • Supply counts are checked every 10 seconds.